 Dungeon Crawl Stone Soup version 0.26.0-9-gab577f9fc5 (webtiles) character file.

Game seed: 11981613562894173944

4539 Drevant2 the Impaler (level 10, -1/67 HPs)
             Began as a Merfolk Gladiator on Jan 13, 2021.
             Was an Elder of Okawaru.
             Killed by divine providence
             ... invoked by an orc priest
              (14 damage)
             ... on level 9 of the Dungeon.
             The game lasted 00:25:25 (10467 turns).

Drevant2 the Impaler (Merfolk Gladiator)           Turns: 10467, Time: 00:25:25

Health: -1/67      AC: 16    Str: 15    XL:     10   Next: 40%
Magic:  10/10      EV: 21    Int: 14    God:    Okawaru [****..]
Gold:   467        SH:  0    Dex: 18    Spells: 9/9 levels left

rFire    . . .     SeeInvis .   C - +0 glaive (pain)
rCold    . . .     Faith    .   (shield currently unavailable)
rNeg     . . .     Spirit   .   d - +2 steam dragon scales
rPois    .         Reflect  .   c - +0 helmet
rElec    .         Harm     .   n - +2 cloak
rCorr    .         Rampage  .   f - +0 pair of gloves
Will     .....                  (no boots)
Stlth    +.........             (no amulet)
HPRegen  0.21/turn              q - +6 ring of intelligence
MPRegen  0.12/turn              p - +4 ring of protection

@: confused
A: change form in water, swift swim, stealthy swim
a: Renounce Religion, Heroism


You were on level 9 of the Dungeon.
You worshipped Okawaru.
Okawaru was greatly pleased with you.
You visited 2 branches of the dungeon, and saw 10 of its levels.

You collected 467 gold pieces.

Inventory:

Hand Weapons
 a - a +0 trident
 x - the +4 dagger "Xughank" {vorpal, rF+}
   (You found it on level 4 of the Dungeon)

   It inflicts extra damage upon your enemies.
   It protects you from fire.
 C - a +0 glaive of pain (weapon)
Missiles
 u - a throwing net (quivered)
Armour
 b - a +0 leather armour
 c - a +0 helmet (worn)
 d - +2 steam dragon scales (worn)
 f - a +0 pair of gloves (worn)
 g - a +3 leather armour
 n - a +2 cloak (worn)
Jewellery
 i - an uncursed ring of wizardry
 k - an uncursed ring of see invisible
 p - a +4 ring of protection (right hand)
 q - a +6 ring of intelligence (left hand)
 v - an uncursed ring of positive energy {unknown}
 y - a cursed ring of fire {unknown}
 H - the ring "Atweik" {+Blink rN+ Int+8 Dex-5, unknown}
   (You found it on level 9 of the Dungeon)

   [ring of positive energy]

   It affects your intelligence (+8).
   It affects your dexterity (-5).
   It protects you from negative energy.
   It lets you blink.
Wands
 I - a wand of enslavement (6)
Scrolls
 e - 12 scrolls of identify
 j - 7 scrolls of remove curse
 l - 2 scrolls of amnesia {unknown}
 o - 2 scrolls of magic mapping {unknown}
 r - 3 scrolls of enchant armour {unknown}
 s - 3 scrolls of teleportation {unknown}
 t - 2 scrolls of immolation {unknown}
 w - a scroll of acquirement {unknown}
 D - a scroll of fog {unknown}
 E - a scroll of fear {unknown}
 F - a scroll of vulnerability {unknown}
Potions
 m - a potion of degeneration
 z - a potion of lignification
 A - a potion of attraction
 B - a potion of resistance
 G - a potion of magic {unknown}


   Skills:
 - Level 2.1 Fighting
 * Level 16.5 Polearms
 - Level 2.0 Throwing
 + Level 11.6 Dodging


You had 9 spell levels left.
You didn't know any spells.
Your spell library was empty.

Dungeon Overview and Level Annotations

Branches:
Dungeon (9/15)             Temple (1/1) D:5
   Lair: D:8-11         Orc: D:9-12

Altars:
Cheibriados
Dithmenos
Elyvilon
Gozag
Hepliaklqana
Kikubaaqudgha
Makhleb
Nemelex Xobeh
Okawaru
Qazlal
Ru
Sif Muna
Trog
Uskayaw
Vehumet
Wu Jian
Yredelemnul
Zin
The Shining One

Shops:
D:6 =

Annotations:
D:5 Duvessa


Message History

Beogh smites you!
You bump into the rock wall.
The orc priest casts a cantrip, but nothing happens.
The orc priest looks encouraged for a moment.
The orc priest calls down the wrath of Beogh upon you.
Beogh smites you!
The orc priest mumbles some strange prayers to Beogh against you.
Beogh smites you!
You bump into the rock wall.
The orc priest looks braver for a moment.
You're too confused to move!
The orc wizard hits you but does no damage.
The orc priest calls down the wrath of Beogh upon you.
Pain shoots through your body!
* * * LOW HITPOINT WARNING * * *
You are more confused.
You feel invigorated.
The orc priest invokes the aid of Beogh against you.
Beogh smites you!
You die...

#########################
.......o@................
........####.............
#....oo.# #...>....####.
#.(.....# #........# #.
#......o# #........# #.
#.......# #........# #.
#.......# #........# #.
#.......# #........# #.
#.......# #........# #.


You could see 2 orc priests, an orc wizard and an orc.

Vanquished Creatures
  Pikel (Temple)
  A wolf spider zombie (D:8)
  Maggie (D:7)
  Sigmund (D:5)
  3 black bears
  An orc warrior (D:8)
  A hornet zombie (D:7)
  An ice beast (D:6)
  2 sky beasts
  A phantom (Temple)
  An ogre (D:9)
  3 centaurs
  3 lemures (Temple)
  A big kobold (D:7)
  3 bullfrogs
  A water moccasin zombie (D:6)
  2 scorpions
  5 killer bees (D:7)
  A howler monkey (D:9)
  2 jellies
  Crazy Yiuf (D:3)
  2 hounds (D:6)
  A bullfrog skeleton (D:4)
  A centaur skeleton (D:6)
  13 orc wizards
  5 orc priests
  An iguana (D:8)
  11 worker ants
  A hound zombie (D:9)
  7 gnolls
  A worker ant zombie (D:6)
  16 adders
  A shadow imp (Temple)
  5 white imps
  An ufetubus (D:4)
  An adder skeleton (D:8)
  5 worms
  A dart slug (D:1)
  4 leopard geckos
  29 orcs
  11 bats
  5 giant cockroaches
  10 goblins
  6 hobgoblins
  8 jackals
  A quokka (D:5)
  2 ball pythons
  3 frilled lizards (D:2)
  A jackal skeleton (D:4)
  12 kobolds
  3 quokka skeletons
  A quokka zombie (D:7)
  11 rats
216 creatures vanquished.

Notes
Turn   | Place    | Note
-------+----------+-------------------------------------------
     0 | D:1      | Drevant2 the Merfolk Gladiator began the quest for the Orb.
     0 | D:1      | Reached XP level 1. HP: 16/16 MP: 1/1
    26 | D:1      | Reached XP level 2. HP: 21/22 MP: 2/2
    60 | D:1      | Reached skill level 5 in Polearms
   531 | D:1      | Reached XP level 3. HP: 10/27 MP: 3/3
  1318 | D:2      | Reached skill level 6 in Polearms
  1490 | D:2      | Reached XP level 4. HP: 33/33 MP: 4/4
  1695 | D:2      | Reached skill level 5 in Dodging
  2027 | D:2      | Found a bloodstained altar of Trog.
  2319 | D:3      | Reached skill level 7 in Polearms
  2319 | D:3      | Reached XP level 5. HP: 36/38 MP: 5/5
  3063 | D:3      | Reached skill level 8 in Polearms
  3134 | D:3      | Found a runed translucent door.
  3135 | D:3      | Noticed Crazy Yiuf
  3228 | D:3      | Reached XP level 6. HP: 44/44 MP: 6/6
  3412 | D:3      | Found a white marble altar of Elyvilon.
  3687 | D:3      | Killed Crazy Yiuf
  3956 | D:4      | Reached skill level 9 in Polearms
  4188 | D:4      | Noticed a black bear
  4197 | D:4      | Killed a black bear
  4198 | D:4      | Reached XP level 7. HP: 50/50 MP: 7/7
  4389 | D:4      | Found a sacrificial altar of Ru.
  4443 | D:4      | Got a jewelled dagger
  4445 | D:4      | Identified the +4 dagger "Xughank" {vorpal, rF+} (You found
                  | it on level 4 of the Dungeon)
  4525 | D:5      | Entered Level 5 of the Dungeon
  4668 | D:4      | Reached skill level 10 in Polearms
  4699 | D:5      | Found a radiant altar of Vehumet.
  4703 | D:5      | Noticed a moth of wrath
  4705 | D:5      | Found a bloodstained altar of Trog.
  4945 | D:5      | Found a staircase to the Ecumenical Temple.
  4963 | D:5      | Noticed Pikel
  4978 | Temple   | Entered the Ecumenical Temple
  5089 | Temple   | Became a worshipper of Warmaster Okawaru
  5391 | Temple   | Killed Pikel
  5391 | Temple   | Reached * piety under Okawaru
  5392 | Temple   | Reached skill level 12 in Polearms
  5392 | Temple   | Reached XP level 8. HP: 56/56 MP: 8/8
  5899 | D:5      | Noticed Sigmund
  6044 | D:5      | Noticed Duvessa
  6138 | D:5      | Killed Sigmund
  6138 | D:5      | Reached ** piety under Okawaru
  6333 | D:5      | Found a snail-covered altar of Cheibriados.
  6692 | D:6      | Reached skill level 13 in Polearms
  6753 | D:6      | Found a hide-covered altar of Uskayaw.
  6786 | D:6      | Found a radiant altar of Vehumet.
  6825 | D:6      | Reached XP level 9. HP: 61/61 MP: 9/9
  7074 | D:6      | Found a sparkling altar of Nemelex Xobeh.
  7309 | D:6      | Found Seghoq's Jewellery Emporium.
  7374 | D:6      | Found a glowing silver altar of Zin.
  7375 | D:6      | Found an opulent altar of Gozag.
  7427 | D:6      | Found an ancient bone altar of Kikubaaqudgha.
  7642 | D:7      | Reached *** piety under Okawaru
  7643 | D:7      | Reached skill level 14 in Polearms
  7643 | D:7      | Reached skill level 10 in Dodging
  8262 | D:7      | Received a gift from Okawaru
  8294 | D:7      | Noticed Maggie
  8332 | D:7      | Killed Maggie
  8333 | D:7      | Reached skill level 15 in Polearms
  8884 | D:8      | Reached XP level 10. HP: 67/67 MP: 10/10
  8978 | D:8      | Found a glowing golden altar of the Shining One.
  9075 | D:8      | Reached **** piety under Okawaru
  9076 | D:8      | Reached skill level 16 in Polearms
 10278 | D:9      | Got a pitted silver ring
 10467 | D:9      | Killed from afar by an orc priest

Illustrated notes

Levels and vault maps discovered:
D:1:      erik_arrival_blinker_ship, layout_basic, serial_bayou_pond_a,
          chequers_serial_rivers_micro_e, roderic_roman_lattice
D:2:      layout_loops_ring, lemuel_round_altar, minmay_pentomino_v2
D:3:      layout_basic, general_overflow_altar, hangedman_decor_lopped,
          kennysheep_cluttered_room, uniq_crazy_yiuf_cottage
D:4:      layout_rooms, nicolae_ru_sacrificial_ziggurat
D:5:      layout_cave_pools, lemuel_doored_altar, minmay_temple_entry_statues,
          basic_altar, tgw_trog, uniq_duvessa, uniq_sigmund, uniq_pikel
D:6:      layout_basic, grunt_temple_overflow_gold_and_silver,
          marbit_many_paths, kiku_gazebo_pond_becter, lemuel_crystal_altar,
          serial_shops, nicolae_shop_temple_entry_statues_fountains, basic_altar
D:7:      layout_cave_pools, uniq_maggie
D:8:      layout_rooms, old_standard_altar, minmay_misc_feat_more_columns
D:9:      layout_long_grid, chequers_temple_overflow_minitemple
Temple:   compressed_dpeg_circular_temple

Skill      XL: |  1  2  3  4  5  6  7  8  9 10 |
---------------+-------------------------------+-----
Polearms       | 5 6 7 8 9 12 13 15 16 | 16.5
Dodging        | 5 6 8 9 10 11 | 11.6
Fighting       | |  2.1
Throwing       | |  2.0

Action                   |  1- 3 |  4- 6 |  7- 9 | 10-12 || total
-------------------------+-------+-------+-------+-------++-------
Melee: Trident           |   106 |   255 |   671 |       ||  1032
       Glaive            |       |       |    34 |   158 ||   192
Throw: Throwing net      |       |     1 |     4 |       ||     5
  Use: Potion            |       |       |     8 |     1 ||     9
       Scroll            |       |       |     4 |       ||     4
 Stab: Sleeping          |     1 |     2 |     2 |       ||     5
       Held in net/web   |       |     2 |       |       ||     2
Armor: Leather armour    |    21 |    66 |   137 |       ||   224
       Skin              |       |       |    24 |       ||    24
       Steam dragon scal |       |       |     7 |    30 ||    37
Dodge: Dodged            |    60 |   132 |   439 |   114 ||   745
